AoeStats
← MUSLIM G0 H0M3

Arabia

507201912Analyzed
1v1 RM · 16d ago on Sep 17, 2026· 46m 6s· 2 players
Game mode
Random Map
Map size
Tiny (2 player)
Population
200
Speed
Normal
Resources
Standard
Victory
Conquest
Starting age
Dark Age
Ending age
Imperial Age
RankedLock teamsTeams togetherTeam positionsShared explorationLock speedFull tech treeHidden civsTurbo modeCheats
Victory
Defeat
🇦🇷 Persians · Argentina
913
+14
🇦🇷 Aztecs · Argentina
862
-14
mathiuzking
24:34 Feudal Age
25:04 Horse Collar
25:11 Double-Bit Axe
33:16 Castle Age
33:51 Pikeman
40:09 Imperial Age
38:17 Stone Mining
44:35 Scale Mail Armor
MUSLIM G0 H0M3
7:10 Loom
9:14 Feudal Age
9:50 Double-Bit Axe
13:11 Town Watch
15:16 Wheelbarrow
18:54 Castle Age
18:36 Gold Mining
18:27 Horse Collar
19:44 Bloodlines
19:34 Husbandry
23:22 Fervor
24:25 Bow Saw
25:53 Town Patrol
27:49 Scale Barding Armor
27:54 Forging
29:17 Hand Cart
29:11 Heavy Plow
29:47 Gold Shaft Mining
34:45 Imperial Age
33:34 Light Cavalry
34:36 Chain Barding Armor
34:51 Iron Casting
34:35 Hussar
35:54 Plate Barding Armor
37:25 Two-Man Saw
37:53 Blast Furnace
36:35 Elite War Elephant
38:05 Conscription
39:13 Stone Mining
41:09 Crop Rotation
41:06 Fletching
42:09 Bodkin Arrow
43:20 Chemistry
42:41 Ballistics
45:03 Guilds
Connection lost

Rejoining the realm…

Still unreachable

The connection could not be restored.

Session expired

The server has moved on; the page needs a fresh start.